 Dungeon Crawl Stone Soup version 0.31-a0-667-g39726597b9 (webtiles) character file.

Game seed: 5845320483065344953

368 Xavori the Sneak (level 6, -1/43 HPs)
             Began as an Octopode Chaos Knight on Sept 3, 2023.
             Was a Plaything of Xom.
             Killed from afar by a white imp (14 damage)
             ... with a puff of frost
             ... on level 4 of the Dungeon.
             The game lasted 00:02:59 (10649 turns).

Xavori the Sneak (Octopode Chaos Knight)           Turns: 10649, Time: 00:02:59

Health: -1/43      AC:  1    Str: 11      XL:     6   Next: 69%
Magic:  6/6        EV: 14    Int: 13 (14) God:    Xom [*.....]
Gold:   272        SH:  4    Dex: 18      Spells: 5/5 levels left

rFire   . . .        v - +1 dagger (freeze)
rCold   . . .        (no shield)
rNeg    . . .        (helmet restricted)
rPois   .            (no amulet)
rElec   .            t - +6 ring of dexterity
rCorr   .            (no ring)
SInv    .            (no ring)
Will    .....        (no ring)
Stlth   ++++         (no ring)
HPRegen 0.27/turn    (no ring)
MPRegen 0.10/turn    (no ring)
                     (no ring)

%: no passive effects
@: no status effects
A: almost no armour, amphibious, 8 rings, camouflage 1, gelatinous body 1,
(nimble swimmer 1), tentacles, large bone plates 1, clumsy 1, deterioration 1,
passive freeze, inability to drink after injury 1
a: Renounce Religion


You were on level 4 of the Dungeon.
You worshipped Xom.
You were a special plaything of Xom.
You visited 1 branch of the dungeon, and saw 4 of its levels.

You collected 272 gold pieces.

Inventory:

Hand Weapons
 a - a +0 short sword of chaos
 c - a +2 dagger of holy wrath
 h - a +0 short sword of venom
 v - a +1 dagger of freezing (weapon)
Jewellery
 t - a +6 ring of dexterity (left tentacle)
Wands
 r - a wand of paralysis (13)
Scrolls
 b - a scroll of butterflies
 e - a scroll of enchant armour {unknown}
 g - 5 scrolls of identify {unknown}
 j - 2 scrolls of teleportation {unknown}
 p - a scroll of blinking {unknown}
 u - a scroll of vulnerability {unknown}
Potions
 d - a potion of invisibility {unknown}
 f - 2 potions of curing
 i - 2 potions of attraction {unknown}
 k - a potion of enlightenment {unknown}
 l - a potion of brilliance {unknown}
 m - a potion of resistance {unknown}
 n - a potion of mutation {unknown}
 o - a potion of degeneration {unknown}
 q - a potion of might {unknown}
 s - a potion of heal wounds {unknown}


   Skills:
 + Level 4.1 Fighting
 + Level 4.7 Short Blades
 + Level 3.5 Dodging
 + Level 5.0 Stealth
 + Level 0.4 Shields


You had 5 spell levels left.
You didn't know any spells.
Your spell library contained the following spells:

 Spells                   Type           Power      Damage    Failure   Level
 Passage of Golubria      Tloc           0%         N/A       97%         4
 Silence                  Hex/Air        0%         N/A       100%        5
 Lehudib's Crystal Spear  Conj/Erth      0%         10d2      100%        8


Dungeon Overview and Level Annotations

Branches:
Dungeon (4/15)
 Temple: D:4-7

Altars:
Ashenzari
Dithmenos
Fedhas


Innate Abilities, Weirdness & Mutations

You cannot wear most types of armour.
You are amphibious.
You can wear up to eight rings at the same time.
Your skin changes colour to match your surroundings (Stealth+).
Your rubbery body absorbs attacks. (AC +1, EV +1)
((You are camouflaged when in or above water. (Stealth+)))
You have tentacles for arms and can constrict up to eight enemies at once.
You are partially covered in large bone plates. (SH +4)
You are clumsy. (Dex -2)
Your body sometimes deteriorates upon taking damage.
A frigid envelope surrounds you and freezes all who hurt you.
You occasionally lose the ability to drink potions when taking damage.


Message History

Your +1 dagger of freezing glows with a cold blue light!
v - a +1 dagger of freezing (weapon)
HP restored.
Found a spear.
A white imp comes into view.
A white imp is nearby!
A gnoll comes into view. It is wielding a +0 halberd.
There are monsters nearby!
A gnoll comes into view. It is wielding a +0 whip.
The white imp shouts!
The gnoll shouts!
Something shouts, "Get thee gone, thou pecksniffian fob-snatching snaffler!"
A hound comes into view.
The white imp laughs crazily.
You hear a shout!
There are monsters nearby!
There are monsters nearby!
A gnoll and a kobold come into view.
The gnoll is wielding a +0 club.
The hound barks!
You hear a shout!
There are monsters nearby!
The hound bites you.
The hound is very cold.
The hound is heavily wounded.
The gnoll hits you from afar with a +0 halberd!
The white imp gestures at you. The puff of frost hits you! The hound bites you.
The hound is very cold.
The hound is severely wounded.
The kobold shouts!
The hound attacks as it pursues you! The hound barely misses you.
The hound attacks as it pursues you! The hound bites you.
The hound is very cold.
You kill the hound!
Your Stealth skill increases to level 5!
The white imp gestures at you. The puff of frost hits you!
* * * LOW HITPOINT WARNING * * *
Xom is interested.
Your body deteriorates!
You feel dopey.
It was a potion of curing.
You feel better. The white imp gestures at you. The puff of frost hits you!
You die...

...... .............####..#
...... .....######....##.#
.....g####..## ####....##
.....gg.##)..# ###).#..#
#######.##...# #....##.###
#.†#...# #.##......###
##.K...### #.######.....
##.g.g5.######.# ##.<#.
#...##..@.....########.#.
##...#######..............
##....# #.#####..##...#
#..#..# ###...........#.#
#.##..#####........#.####.#
####.##..........######>##
#.# #................#
#..###.. #......#.†..######
##...##. #......#...##
###...#


You could see 2 gnolls, a white imp and a kobold.

Vanquished Creatures
  A black bear (D:4)
  A hound (D:4)
  An orc priest (D:3)
  Jessica (D:2)
  Natasha (twice) (D:2)
  An orc wizard (D:3)
  Terence (D:2)
  2 adders
  A dart slug (D:1)
  9 orcs
  An endoplasm (D:3)
  6 giant cockroaches
  8 goblins
  5 hobgoblins
  4 quokkas
  2 ball pythons
  11 bats
  3 frilled lizards
  6 kobolds
  4 rats
70 creatures vanquished.

Notes
Turn   | Place    | Note
-------+----------+-------------------------------------------
     0 | D:1      | Xavori the Octopode Chaos Knight began the quest for the
                  | Orb.
     0 | D:1      | Reached XP level 1. HP: 16/16 MP: 1/1
   262 | D:1      | XOM: divination: detect creatures
   292 | D:1      | Reached XP level 2. HP: 20/21 MP: 2/2
   321 | D:1      | XOM: silly message
   468 | D:1      | XOM: silly message
   560 | D:1      | XOM: divination: detect items
   802 | D:1      | Reached XP level 3. HP: 22/26 MP: 3/3
   864 | D:1      | XOM: divination: detect creatures
  1118 | D:2      | Noticed Jessica
  1331 | D:2      | XOM: silly message
  1332 | D:2      | Killed Jessica
  1610 | D:1      | XOM: silly message
  1626 | D:1      | XOM: noise
  2099 | D:1      | XOM: noise
  2222 | D:1      | XOM: silly message
  2654 | D:1      | XOM: silly message
  2936 | D:1      | XOM is BORED!
  3793 | D:1      | XOM: god gift: 35 gold pieces
  5307 | D:1      | XOM: summons 2 hostile demons
  5340 | D:2      | XOM: god gift: 33 gold pieces
  5366 | D:2      | XOM: 2-stop teleportation journey
  5516 | D:1      | XOM is BORED!
  5516 | D:1      | XOM: give mutation
  5516 | D:1      | Gained mutation: You occasionally lose the ability to drink
                  | potions when taking damage. [Xom's mischief]
  5646 | D:1      | XOM: give mutations
  5646 | D:1      | Gained mutation: You have an increased reservoir of magic.
                  | (+10% MP) [Xom's grace]
  5646 | D:1      | Gained mutation: A frigid envelope surrounds you and
                  | freezes all who hurt you. [Xom's grace]
  5646 | D:1      | Gained mutation: You have hidden genetic potential. [Xom's
                  | grace]
  6179 | D:1      | XOM: give mutations
  6179 | D:1      | Gained mutation: You are dopey. (Int -2) [Xom's mischief]
  6179 | D:1      | Lost mutation: You are dopey. (Int -2) [Xom's mischief]
  6179 | D:1      | Gained mutation: Your body sometimes deteriorates upon
                  | taking damage. [Xom's mischief]
  6389 | D:1      | XOM: summons 2 hostile shadow creatures
  6453 | D:2      | XOM: silly message
  7280 | D:1      | XOM: noise
  8078 | D:1      | XOM: silly message
  9125 | D:1      | XOM: give mutations
  9125 | D:1      | Gained mutation: You are partially covered in large bone
                  | plates. (SH +4) [Xom's mischief]
  9125 | D:1      | Lost mutation: You have an increased reservoir of magic.
                  | (+10% MP) [Xom's mischief]
  9125 | D:1      | Gained mutation: You are clumsy. (Dex -2) [Xom's mischief]
  9125 | D:1      | Lost mutation: You have hidden genetic potential. [Xom's
                  | mischief]
  9196 | D:2      | Reached skill level 1 in Stealth
  9196 | D:2      | Reached XP level 4. HP: 27/32 MP: 4/4
  9302 | D:2      | Noticed Terence
  9321 | D:2      | Killed Terence
  9322 | D:2      | Reached skill level 2 in Stealth
  9406 | D:2      | Noticed Natasha
  9409 | D:2      | Killed Natasha
  9410 | D:2      | Reached XP level 5. HP: 37/37 MP: 5/5
  9658 | D:2      | Noticed Natasha
  9659 | D:2      | Killed Natasha
  9674 | D:3      | XOM: silly message
  9675 | D:3      | Reached skill level 3 in Stealth
  9692 | D:3      | Reached XP level 6. HP: 25/43 MP: 6/6
  9857 | D:3      | Reached skill level 4 in Stealth
  9990 | D:3      | Found a faded altar of an unknown god.
 10038 | D:3      | Found a broken altar of Ashenzari.
 10300 | D:3      | XOM: scenery: summon butterflies
 10473 | D:3      | Found a blossoming altar of Fedhas.
 10473 | D:3      | Found a shadowy altar of Dithmenos.
 10568 | D:4      | XOM: silly message
 10579 | D:4      | Noticed a black bear
 10587 | D:4      | Killed a black bear
 10642 | D:4      | Reached skill level 5 in Stealth
 10649 | D:4      | Killed from afar by a white imp

Illustrated notes

Levels and vault maps discovered:
D:1:      evilmike_arrival_plus, layout_basic
D:2:      layout_rooms, minmay_surrounded, uniq_natasha, uniq_jessica,
          uniq_terence
D:3:      layout_loops_ring, gammafunk_temple_overflow_statue,
          nicolae_ashenzari_panopticon, nicolae_ecumenical_lake_church,
          grunt_ministairs_1, serial_bayou_pond_b
D:4:      layout_rooms, mainiacjoe_overflow_brackets, slow_altar_1

Skill      XL: |  1  2  3  4  5  6 |
---------------+-------------------+-----
Stealth        | 1 2 3 5 |  5.0
Short Blades   | 4 |  4.7
Dodging        | 3 |  3.5
Fighting       | 4 |  4.1
Shields        | |  0.4

Action                     |  1- 3 |  4- 6 || total
---------------------------+-------+-------++-------
  Melee: Short sword       |    59 |    56 ||   115
         Constrict         |    14 |    19 ||    33
         Tentacles         |     5 |    11 ||    16
         Dagger            |    24 |       ||    24
         Punch             |       |     2 ||     2
    Use: Potion            |       |     1 ||     1
   Stab: Sleeping          |     1 |     6 ||     7
         Distracted        |       |     1 ||     1
 Armour: Skin              |    48 |    25 ||    73
  Dodge: Dodged            |    60 |    22 ||    82
  Block: Other             |       |    10 ||    10

Table legend: (Time is in decaauts)
 A = Elapsed time spent in this place.
 B = Non-inter-level travel time spent in this place.
 C = Inter-level travel time spent in this place.
 D = Time resting spent in this place.
 E = Time spent auto-exploring this place.
 F = Levels seen in this place.
 G = Mean time per level.
                   A        B        C        D        E       F      G
               +--------+--------+--------+--------+--------+-----+--------+
         Total |  10635 |  10573 |     62 |   8209 |   1972 |   4 | 2658.8 |
       Dungeon |  10635 |  10573 |     62 |   8209 |   1972 |   4 | 2658.8 |
               +--------+--------+--------+--------+--------+-----+--------+

Top non-repeatable levels by time:
     D:1: 8698 daAuts
     D:2: 967 daAuts
     D:3: 847 daAuts
     D:4: 122 daAuts
